 Dungeon Crawl Stone Soup version 0.27-a0-1101-ge311f74bc8 (webtiles) character file.

Game seed: 14976073863808501551

4390 karrick the Thaumaturge (level 10, -4/67 HPs)
             Began as a Djinni Fire Elementalist on Apr 28, 2021.
             Slain by Harold
             ... wielding a +0 trident
              (15 damage)
             ... on level 7 of the Dungeon.
             The game lasted 00:22:29 (10613 turns).

karrick the Thaumaturge (Djinni Fire Elementalist) Turns: 10613, Time: 00:22:29

Health: -4/67      AC: 10    Str: 10    XL:     10   Next: 35%
Gold:   650        EV: 15    Int: 16    God:
                   SH:  5    Dex: 15

rFire    + + +     SeeInvis .   E - +1 dagger (speed)
rCold    x . .     Faith    .   (no shield)
rNeg     . . .     Spirit   .   G - +0 steam dragon scales
rPois    ∞         Reflect  +   F - +0 helmet
rElec    .         Harm     .   (no cloak)
rCorr    .         Rampage  .   (no gloves)
Will     +....                  (boots unavailable)
Stlth    +++.......             B - amulet of Tuoxta {Reflect rC+ SH+5}
HPRegen  0.21/turn              m - ring of fire
MPRegen  0.00/turn              q - +4 ring of protection

@: marked, flying
A: fire resistance 2, cold vulnerability 1, float, innate caster, hp casting,
extra vitality 1
a: no special abilities


You were on level 7 of the Dungeon.
You visited 2 branches of the dungeon, and saw 9 of its levels.
You also visited: Ossuary.

You collected 650 gold pieces.

Inventory:

Hand Weapons
 a - a +4 long sword
 E - a +1 dagger of speed (weapon)
Missiles
 H - 2 throwing nets
Armour
 F - a +0 helmet (worn)
 G - +0 steam dragon scales (worn)
 I - +0 ice dragon scales
 J - a +1 robe of cold resistance
Jewellery
 m - a ring of fire (left hand)
 q - a +4 ring of protection (right hand)
 B - the amulet of Tuoxta (around neck) {Reflect rC+ SH+5}
   (You found it on level 6 of the Dungeon)

   [amulet of reflection]

   It reflects blocked missile attacks.
   It protects you from cold.
   It affects your SH (+5).
 C - a +4 ring of protection
 D - a +4 ring of slaying
Wands
 j - a wand of digging (5)
Scrolls
 b - 2 scrolls of enchant armour {unknown}
 c - a scroll of enchant weapon {unknown}
 d - 8 scrolls of teleportation
 e - a scroll of fog {unknown}
 g - 5 scrolls of identify
 i - 2 scrolls of amnesia {unknown}
 k - 3 scrolls of noise {unknown}
 t - a scroll of immolation {unknown}
 w - a scroll of magic mapping {unknown}
 y - a scroll of blinking {unknown}
Potions
 f - 2 potions of lignification {unknown}
 h - a potion of cancellation {unknown}
 l - a potion of berserk rage {unknown}
 n - 2 potions of degeneration {unknown}
 o - 2 potions of invisibility {unknown}
 p - a potion of attraction {unknown}
 r - a potion of heal wounds {unknown}
 s - a potion of might {unknown}
 u - 5 potions of curing
 v - a potion of resistance {unknown}
 x - 2 potions of haste {unknown}
 z - a potion of mutation {unknown}
 A - a potion of brilliance {unknown}


   Skills:
 + Level 3.3 Fighting
 + Level 6.3 Dodging
 + Level 4.2 Stealth
 + Level 1.1 Shields
 + Level 10.7 Spellcasting


You had 6 spell levels left.
You knew the following spells:

 Your Spells              Type           Power      Damage    Failure   Level
a - Foxfire               Conj/Fire      100%       2x1d9     1%          1
b - Conjure Flame         Conj/Fire      59%        6-21      1%          3
c - Inner Flame           Hex/Fire       59%        N/A       1%          3
d - Sticky Flame          Conj/Fire      59%        2d7       1%          4
e - Fireball              Conj/Fire      29%        3d13      2%          5
f - Apportation           Tloc           86%        N/A       1%          1
g - Static Discharge      Conj/Air       43%        N/A       1%          2
h - Poisonous Vapours     Pois/Air       86%        N/A       1%          2
i - Vampiric Draining     Necr           21%        2d9       1%          3
Your spell library was empty.

Dungeon Overview and Level Annotations

Branches:
Dungeon (8/15)             Temple (1/1) D:5         Ossuary (visited)
   Lair: D:8-11

Altars:
Cheibriados
Dithmenos
Fedhas
Gozag
Hepliaklqana
Kikubaaqudgha
Makhleb
Nemelex Xobeh
Qazlal
Ru
Trog
Wu Jian
Xom
Yredelemnul
Zin
The Shining One

Shops:
D:5 =   D:7 !(*!

Annotations:
D:7 Harold


Innate Abilities, Weirdness & Mutations

You are immune to poison.
Your flesh is very heat resistant. (rF++)
You are vulnerable to cold. (rC-)
You float through the air rather than walking.
You learn spells naturally, not from books.
Your magical power is your life essence.
You have superior vitality. (+4 HP)


Message History

You are yanked forward by the harpoon shot.
Casting: Foxfire (safe; 1% risk of failure)
Confirm with . or Enter, or press ? or * to list all spells.
You feel a surge of power!
You conjure some foxfire!
The foxfire hits Harold.
Harold is severely wounded.
The foxfire hits Harold but does no damage.
Harold is severely wounded.
Harold closely misses you.
Casting: Foxfire (safe; 1% risk of failure)
Confirm with . or Enter, or press ? or * to list all spells.
You feel a surge of power!
You conjure some foxfire!
The foxfire hits Harold.
Harold is severely wounded.
The foxfire hits Harold.
Harold is severely wounded.
Harold hits you with a +0 trident!
Casting: Foxfire (safe; 1% risk of failure)
Confirm with . or Enter, or press ? or * to list all spells.
You feel a surge of power!
You conjure some foxfire!
The foxfire hits Harold but does no damage.
Harold is severely wounded.
The foxfire hits Harold but does no damage.
Harold is severely wounded.
Harold hits you with a +0 trident!!
* * * LOW HITPOINT WARNING * * *
Unknown command.
It was a potion of curing.
You feel better.
The foxfire hits Harold.
Harold is almost dead.
The foxfire hits Harold.
Harold is almost dead.
Harold gestures at you while chanting. A sentinel's mark forms upon you.
Unknown command.
Okay, then.
Okay, then.
Casting: Foxfire (safe; 1% risk of failure)
Confirm with . or Enter, or press ? or * to list all spells.
You feel a surge of power!
You conjure some foxfire!
* * * LOW HITPOINT WARNING * * *
Harold hits you with a +0 trident!
You die...

#.# ####.## #.# #....## #.#
#.##### #.# ############### #.# #
#.# #...v##.......######.# # #.#
#..#.##..............# #
####.####.#.##.......######## #
.....§......(..v....[....########
....§v........)v@@.[.[...........
#########.####.§.....###.####)###
#.# ####......#..# #.# #.#
######.##.###.# #.#
#........#[### #.# #######..#....
#.# #######..#[... #.#
#........#)### #.#


#.P.P.PPP).PPP You could see Harold (ally target).

Vanquished Creatures
  Pikel (D:4)
  Maggie (D:7)
  A hornet (D:8)
  2 water moccasins
  3 ice beasts
  An orc warrior (D:7)
  2 sky beasts
  4 ogres
  3 centaurs
  2 phantoms (D:5)
  A kobold brigand (D:7)
  4 lemures (D:4)
  A bullfrog (D:6)
  A scorpion (D:5)
  3 killer bees (D:7)
  10 wights
  8 howler monkeys (D:7)
  A centaur zombie (D:6)
  3 hounds
  A gnoll shaman (D:6)
  A jelly (D:7)
  An orc priest (D:7)
  A bullfrog skeleton (D:6)
  A centaur skeleton (D:6)
  4 iguanas
  4 orc wizards
  2 hound skeletons (D:5)
  9 mummies
  Robin (D:4)
  A howler monkey skeleton (D:5)
  9 gnolls
  9 adders
  A shadow imp (D:7)
  A white imp (D:7)
  2 worms
  4 dart slugs
  14 orcs
  6 ball pythons
  3 endoplasms
  18 goblins
  6 hobgoblins
  10 jackals
  4 quokkas
  5 bats
  4 frilled lizards
  3 gnoll zombies (Ossuary)
  A hobgoblin zombie (Ossuary)
  A jackal skeleton (D:4)
  12 kobolds
  A kobold zombie (Ossuary)
  3 orc zombies (Ossuary)
  A rat (D:3)
196 creatures vanquished.

Vanquished Creatures (collateral kills)
  32 foxfires
32 creatures vanquished.

Vanquished Creatures (others)
  23 bushes (D:7)
  991 foxfires
  4 plants (D:8)
1018 creatures vanquished.

Grand Total: 1246 creatures vanquished

Notes
Turn   | Place    | Note
-------+----------+-------------------------------------------
     0 | D:1      | karrick the Djinni Fire Elementalist began the quest for
                  | the Orb.
     0 | D:1      | Reached XP level 1. HP: 15/15 MP: 0/0
   210 | D:1      | Reached skill level 3 in Spellcasting
   230 | D:1      | Reached XP level 2. HP: 18/21 MP: 0/0
   926 | D:2      | Reached XP level 3. HP: 22/25 MP: 0/0
   926 | D:2      | Learned a level 1 spell: Apportation
  1069 | D:2      | Found a faded altar of an unknown god.
  1870 | D:3      | Reached XP level 4. HP: 30/31 MP: 0/0
  1947 | D:3      | Found a glowing golden altar of the Shining One.
  2260 | D:3      | Reached skill level 4 in Spellcasting
  2908 | D:4      | Found a sand-covered staircase.
  2915 | Ossuary  | Entered an ossuary
  3258 | Ossuary  | Reached XP level 5. HP: 31/36 MP: 0/0
  3258 | Ossuary  | Learned a level 2 spell: Static Discharge
  3632 | D:4      | Reached XP level 6. HP: 23/41 MP: 0/0
  3633 | D:4      | Reached skill level 1 in Fighting
  3781 | D:4      | Found a shadowy altar of Dithmenos.
  3797 | D:4      | Reached skill level 5 in Spellcasting
  4001 | D:4      | Noticed Pikel
  4056 | D:5      | Entered Level 5 of the Dungeon
  4161 | D:5      | Found Kithung's Jewellery Emporium.
  4222 | D:5      | Found a staircase to the Ecumenical Temple.
  4231 | Temple   | Entered the Ecumenical Temple
  4677 | D:5      | Noticed an ice beast
  4684 | D:5      | Killed an ice beast
  4685 | D:5      | Reached XP level 7. HP: 43/47 MP: 0/0
  4685 | D:5      | Learned a level 2 spell: Poisonous Vapours
  4927 | D:5      | Reached skill level 6 in Spellcasting
  5053 | D:5      | Found a snail-covered altar of Cheibriados.
  5233 | D:5      | Reached XP level 8. HP: 49/54 MP: 0/0
  5789 | D:6      | Identified the amulet of Tuoxta {Reflect rC+ SH+5}
  5944 | D:6      | Reached skill level 7 in Spellcasting
  6724 | D:6      | Found an opulent altar of Gozag.
  7168 | D:4      | Reached skill level 8 in Spellcasting
  7229 | D:4      | Noticed Robin
  7233 | D:4      | Reached XP level 9. HP: 52/59 MP: 0/0
  7233 | D:4      | Learned a level 3 spell: Vampiric Draining
  7234 | D:4      | Killed Robin
  7454 | D:4      | Killed Pikel
  7455 | D:4      | Reached skill level 5 in Dodging
  7938 | D:7      | Reached skill level 9 in Spellcasting
  8046 | D:7      | Noticed Harold
  8240 | D:7      | Found a sparkling altar of Nemelex Xobeh.
  8465 | D:7      | Found Zyvushryi's Assorted Antiques.
  8467 | D:7      | Found Miutt's Antique Weapon Boutique.
  8485 | D:7      | Noticed Maggie
  8742 | D:7      | Killed Maggie
  8743 | D:7      | Reached skill level 10 in Spellcasting
  8927 | D:7      | Reached skill level 1 in Shields
  8927 | D:7      | Reached XP level 10. HP: 23/67 MP: 0/0
  9826 | D:7      | Found Waumus's Distillery.
  9874 | D:7      | Found Daah Zuu's Distillery.
 10516 | D:8      | Noticed a death knight
 10613 | D:7      | Slain by Harold

Illustrated notes

Levels and vault maps discovered:
D:1:      dpeg_arrival_lava_temple_mockup, layout_basic, minmay_misc_feat_tower
D:2:      layout_rooms, basic_ecumenical_altar, grunt_decor_arrowhead,
          minmay_fountain_box, minmay_tiny_reverse_x
D:3:      layout_rooms, tso_oasis_becter, kennysheep_generic_room_4
D:4:      layout_rooms, nicolae_dithmenos_the_darkroom,
          gup_ossuary_entry_pyramid, hangedman_abyss_or_decor_lesser_grid,
          uniq_robin, uniq_pikel
D:5:      layout_cave_pods, nicolae_overflow_crystal_walls,
          minmay_temple_entry_statues_fountains, serial_shops, shop
D:6:      layout_basic, lemuel_crystal_altar
D:7:      layout_basic, nemelex_xobeh_ov_fountains_minmay, serial_shops,
          nicolae_shop_behind_doors, kennysheep_mini, shop, shop,
          minmay_hedge_maze, uniq_harold, uniq_maggie
D:8:      layout_basic, general_overflow_altar, minmay_lair_entry_grove,
          minmay_ruined_shrine
Temple:   minmay_temple_curvy_loop

Skill      XL: |  1  2  3  4  5  6  7  8  9 10 |
---------------+-------------------------------+-----
Spellcasting   | 3 4 5 6 8 10 | 10.7
Stealth        | 2 3 4 |  4.2
Dodging        | 3 4 5 6 |  6.3
Fighting       | 1 2 3 |  3.3
Shields        | 1 |  1.1

Action                   |  1- 3 |  4- 6 |  7- 9 | 10-12 || total
-------------------------+-------+-------+-------+-------++-------
Melee: Dagger            |       |     3 |    11 |     2 ||    16
 Cast: Foxfire           |    54 |   115 |   325 |   119 ||   613
  Use: Scroll            |       |       |     3 |       ||     3
       Potion            |       |       |       |     1 ||     1
Armor: Robe              |     1 |     6 |    25 |       ||    32
       Steam dragon scal |       |       |     3 |    18 ||    21
Dodge: Dodged            |     3 |    36 |    89 |    31 ||   159
Block: Other             |       |       |    21 |     7 ||    28
       Reflection        |       |       |       |     1 ||     1

Table legend: (Time is in decaauts)
 A = Elapsed time spent in this place.
 B = Non-inter-level travel time spent in this place.
 C = Inter-level travel time spent in this place.
 D = Time resting spent in this place.
 E = Time spent auto-exploring this place.
 F = Levels seen in this place.
 G = Mean time per level.
                   A        B        C        D        E       F      G
               +--------+--------+--------+--------+--------+-----+--------+
         Total |  10617 |  10203 |    414 |   1196 |   7162 |  10 | 1061.7 |
       Dungeon |   9701 |   9314 |    387 |    891 |   6696 |   8 | 1212.6 |
        Temple |    215 |    188 |     27 |      0 |    183 |   1 |  215.0 |
       Ossuary |    699 |    699 |      0 |    305 |    283 |   1 |  699.0 |
               +--------+--------+--------+--------+--------+-----+--------+

Top non-repeatable levels by time:
     D:7: 2535 daAuts
     D:6: 1358 daAuts
     D:4: 1333 daAuts
     D:5: 1272 daAuts
     D:3: 1150 daAuts
     D:1: 877 daAuts
     D:2: 876 daAuts
 Ossuary: 699 daAuts
     D:8: 297 daAuts
  Temple: 215 daAuts
